 Dungeon Crawl Stone Soup version 0.19-a0-473-g3ac10ee (webtiles) character file.

2154 Zzzbzzz the Digger (level 9, -7/48 HPs)
             Began as a Gargoyle Earth Elementalist on June 4, 2016.
             Mangled by an orc warrior
             ... wielding a +0 trident
              (12 damage)
             ... on level 7 of the Dungeon.
             The game lasted 00:28:27 (9536 turns).

Zzzbzzz the Digger (Gargoyle Earth Elementalist)    Turns: 9536, Time: 00:28:27

Health: -7/48      AC: 11    Str: 14    XL:     9   Next: 31%
Magic:  1/18       EV: 12    Int: 19    God:
Gold:   284        SH:  0    Dex: 13    Spells: 3 memorised, 14 levels left

rFire  + . .     SeeInvis .     b - 145 stones
rCold  . . .     Gourm    .     c - +1 robe
rNeg   + . .     Faith    .     (no shield)
rPois  ∞         Spirit   .     (helmet restricted)
rElec  +         Dismiss  .     (no cloak)
rCorr  .         Reflect  .     x - +2 pair of gloves
SustAt .         Harm     .     (no boots)
MR     .....                    (no amulet)
Stlth  ++........               (no ring)
                                C - ring "Latam" {*Contam rElec rF+ Dex+3}

@: exhausted, very slightly contaminated, slowed, very slow, not resistant to
hostile enchantments, unstealthy
A: beak, low mp 1, negative energy resistance 1, electricity resistance, strong
1, unbreathing, petrification resistance, rot immunity, AC +5
a: no special abilities


You were on level 7 of the Dungeon.
You were very hungry.

You visited 1 branch of the dungeon, and saw 7 of its levels.

You collected 284 gold pieces.

Inventory:

Hand Weapons
 f - a +0 short sword
 r - a +0 mace
 F - a +0 whip
 G - a +1 vampiric long sword
Missiles
 b - 145 stones (in hand)
 i - 7 javelins
Armour
 c - a +1 robe (worn)
 x - a +2 pair of gloves (worn)
Jewellery
 j - an uncursed ring of magical power {unknown}
 C - the ring "Latam" (left hand) {*Contam rElec rF+ Dex+3}
   (You found it on level 7 of the Dungeon)

   [ring of protection from fire]

   It affects your dexterity (+3).
   It protects you from fire.
   It insulates you from electricity.
   It causes magical contamination when unequipped.
Wands
 D - a wand of iceblast (0/15)
Scrolls
 a - 4 scrolls of teleportation
 t - a scroll of recharging
 u - 3 scrolls of fear
 w - a scroll of remove curse
 I - a scroll of enchant armour
Potions
 l - a potion of ambrosia {unknown}
 m - a potion of cancellation {unknown}
 o - a potion of lignification {unknown}
 p - a potion of brilliance {unknown}
 q - a potion of flight {unknown}
 s - a potion of degeneration {unknown}
 z - a potion of heal wounds {unknown}
 B - a potion of berserk rage
 H - a potion of haste
Books
 e - a book of Geomancy

   Spells                             Type                      Level
   a - Sandblast                      Earth                        1
   b - Passwall                       Transmutation/Earth          2
   c - Stone Arrow                    Conjuration/Earth            3
   d - Petrify                        Transmutation/Earth          4
   e - Lee's Rapid Deconstruction     Earth                        5
 y - a book of the Dragon

   Spells                             Type                      Level
   a - Flame Tongue                   Conjuration/Fire             1
   b - Cause Fear                     Hexes                        4
   c - Bolt of Fire                   Conjuration/Fire             6
   d - Dragon Form                    Transmutation                7
   e - Dragon's Call                  Summoning                    9
 E - a book of Burglary

   Spells                             Type                      Level
   a - Swiftness                      Charms/Air                   2
   b - Passwall                       Transmutation/Earth          2
   c - Passage of Golubria            Translocation                4
   d - Lee's Rapid Deconstruction     Earth                        5
   e - Darkness                       Hexes                        6
   f - Invisibility                   Hexes                        6
Comestibles
 d - 6 bread rations
 h - 2 meat rations
 k - 5 beef jerkies
 v - 9 slices of pizza
 A - a royal jelly


   Skills:
 + Level 1.8 Fighting
 + Level 2.0 Maces & Flails
 + Level 1.6 Armour
 + Level 2.2 Dodging
 - Level 2.1 Stealth
 * Level 7.6 Spellcasting
 + Level 5.6 Conjurations
   Level 0.7 Transmutations
 + Level 7.9 Earth Magic


You had 14 spell levels left.
You knew the following spells:

 Your Spells              Type           Power        Failure   Level  Hunger
a - Sandblast             Erth           #####.       1%          1    None
b - Stone Arrow           Conj/Erth      ####..       1%          3    #......
c - Lee's Rapid Deconstr  Erth           #####.....   12%         5    #####..


Dungeon Overview and Level Annotations

Branches:
Dungeon (7/15)             Temple (0/1) D:7

Altars:
Ashenzari
Hepliaklqana
Kikubaaqudgha
Makhleb
Pakellas
Qazlal
Yredelemnul
Zin


Innate Abilities, Weirdness & Mutations

You are resistant to torment.
Your stone body is resilient. (AC +5)
You are immune to poison.
You resist negative energy. (rN+)
You are resistant to electric shocks. (rElec)
You can survive without breathing.
You are immune to petrification.
You are immune to rotting.
You have a beak for a mouth.
Your magical capacity is low. (-10% MP)
Your muscles are strong. (Str +2)


Message History

The orc priest invokes the aid of Beogh against you.
Beogh smites you!
* * * LOW HITPOINT WARNING * * *
You are too berserk!
You feel a strong urge to attack something.
The orc warrior moves out of view.
You feel your anger subside.
You are no longer berserk.
You are exhausted.
You feel yourself slow down.
You are feeling very hungry.
Casting: Sandblast
Confirm with . or Enter, or press ? or * to list all spells.
Aiming: Stone Arrow
Press: ? - help, Shift-Dir - straight line, f/p - orc warrior
Aim: an orc warrior, wielding a trident and wearing a plate armour (severely wounded)
The stone arrow hits the orc priest.
You kill the orc priest!
Your Maces & Flails skill increases to level 2!
The orc warrior hits you from afar with a trident!
You die...

.........#......#....#......
.....#......##.##....#......
................#....#......
................#....#...#..
.......).............#...###
.......#...)................
.......#)o........#........#
.....###).........#.........
.....#.....@......#........#
.... #.#........#.#.........
... ############.#.........
..# .......# #.#.#####.#.
#.>.#.>.# #.#.# #...
#....... #.#.# #### ########
#.#.# #.######.#.#
#........#.#


You could see an orc warrior.

Vanquished Creatures
  A human (D:7)
  A water moccasin (D:7)
  An ice beast (D:7)
  2 sky beasts (D:7)
  The ghost of urm the Skirmisher, an amateur HuWn of Pakellas (D:3)
  3 ogres
  2 centaurs (D:7)
  A big kobold (D:7)
  A giant frog (D:6)
  2 scorpions (D:7)
  A howler monkey (D:5)
  3 crimson imps
  An orc priest (D:7)
  4 hounds
  2 orc wizards (D:7)
  3 iguanas
  4 worker ants (D:4)
  4 sheep (D:7)
  4 hound zombies
  A howler monkey zombie (D:5)
  3 gnolls (D:6)
  8 adders
  3 oozes
  An adder skeleton (D:6)
  5 giant geckos
  13 orcs
  11 bats
  5 giant cockroaches
  10 goblins
  10 hobgoblins
  10 jackals
  7 kobolds
  2 quokkas
  8 giant newts
  A jackal skeleton (D:5)
  27 rats
  A spectral orc (D:6)
167 creatures vanquished.

Notes
Turn   | Place    | Note
--------------------------------------------------------------
     0 | D:1      | Zzzbzzz the Gargoyle Earth Elementalist began the quest for the Orb.
     0 | D:1      | Reached XP level 1. HP: 10/10 MP: 3/3
   261 | D:1      | Gained mutation: Your magical capacity is low. (-10% MP) [potion of mutation]
   261 | D:1      | Gained mutation: You have a beak for a mouth. [potion of mutation]
   261 | D:1      | Gained mutation: Your muscles are strong. (Str +2) [potion of mutation]
   417 | D:1      | Reached XP level 2. HP: 15/15 MP: 4/4
   969 | D:1      | Reached XP level 3. HP: 18/19 MP: 6/6
   974 | D:1      | Learned a level 3 spell: Stone Arrow
  1479 | D:2      | Reached XP level 4. HP: 13/24 MP: 7/7
  1502 | D:2      | Reached skill level 1 in Conjurations
  2176 | D:3      | Noticed urm's ghost (amateur HuWn)
  2672 | D:3      | Killed urm's ghost
  2672 | D:3      | Reached XP level 5. HP: 13/28 MP: 0/10
  2909 | D:3      | Reached skill level 5 in Earth Magic
  2924 | D:3      | Found a shattered altar of Ashenzari.
  3891 | D:4      | Reached XP level 6. HP: 26/32 MP: 11/11
  3957 | D:4      | Learned a level 5 spell: Lee's Rapid Deconstruction
  4411 | D:4      | Found a hazy altar of Hepliaklqana.
  5158 | D:4      | Found an oddly glowing altar of Pakellas.
  5609 | D:5      | Entered Level 5 of the Dungeon
  6033 | D:5      | Found an ancient bone altar of Kikubaaqudgha.
  6076 | D:5      | Reached skill level 5 in Spellcasting
  6076 | D:5      | Reached XP level 7. HP: 36/36 MP: 8/13
  6525 | D:5      | Found a glowing silver altar of Zin.
  6525 | D:5      | Noticed an angel
  6771 | D:5      | Found a burning altar of Makhleb.
  6771 | D:5      | Noticed an Executioner
  6774 | D:5      | Noticed an orange demon
  6774 | D:5      | Noticed a neqoxec
  6848 | D:6      | Found a basalt altar of Yredelemnul.
  6881 | D:6      | Found a stormy altar of Qazlal.
  7121 | D:6      | Reached XP level 8. HP: 41/41 MP: 12/15
  7932 | D:7      | Got a transparent lapis lazuli ring
  7933 | D:7      | Identified the ring "Latam" {*Contam rElec rF+ Dex+3} (You found it on level 7 of the Dungeon)
  8007 | D:7      | Reached skill level 5 in Conjurations
  8036 | D:7      | Reached XP level 9. HP: 38/46 MP: 2/17
  8209 | D:7      | Reached skill level 1 in Fighting
  8209 | D:7      | Reached skill level 1 in Maces & Flails
  8209 | D:7      | Reached skill level 1 in Armour
  8707 | D:7      | Found a staircase to the Ecumenical Temple.
  9536 | D:7      | Mangled by an orc warrior

Vault maps used:
D:1:      mrwooster_arrival_statue
D:2:      grunt_ministairs_1, minmay_rat_hole
D:3:      nicolae_ashenzari_panopticon
D:4:      marbit_many_paths, kennysheep_mini_moat, first_bread
D:5:      kiku_gazebo_pond_becter, makhleb_altar_promises_db, zin_angel
D:6:      nicolae_qazlal_general_emergency, yredelemnul_forgotten_temple_becter
D:7:      minmay_temple_entry_from_below_a, grunt_livestock, minmay_crossroads

Skill      XL: |  1  2  3  4  5  6  7  8  9 |
---------------+----------------------------+-----
Earth Magic    | 4 5 6 7 |  7.9
Spellcasting   | 3 4 5 6 7 |  7.6
Conjurations   | 2 3 4 5 |  5.6
Fighting       | 1 |  1.8
Maces & Flails | 2 |  2.0
Armour         | 1 |  1.6
Dodging        | 2 |  2.2
Stealth        | |  2.1
Transmutations | |  0.7

Action                   |  1- 3 |  4- 6 |  7- 9 || total
-------------------------+-------+-------+-------++-------
Melee: Short sword       |   114 |   327 |    64 ||   505
       Peck              |     9 |    34 |    12 ||    55
 Cast: Sandblast         |     7 |    22 |   107 ||   136
       Lee's Rapid Decon |       |       |    14 ||    14
       Stone Arrow       |       |       |     9 ||     9
Evoke: Wand              |       |       |     2 ||     2
  Use: Scroll            |     4 |     5 |     3 ||    12
       Potion            |     1 |       |     3 ||     4
 Stab: Sleeping          |     4 |     4 |       ||     8
  Eat: Chunk             |     2 |    12 |    12 ||    26
       Fruit             |       |     3 |     3 ||     6
Armor: Robe              |    46 |   136 |    70 ||   252
Dodge: Dodged            |    66 |   277 |    98 ||   441
